 Dungeon Crawl Stone Soup version 0.28.0 (webtiles) character file.

Game seed: 15452041979158728505

11814 inmateoo the Grappler (level 11, -2/92 HPs)
             Began as a Ghoul Monk on Feb 16, 2022.
             Was the Champion of Cheibriados.
             Slain by a fire giant (14 damage)
             ... on level 9 of the Dungeon.
             The game lasted 00:21:55 (12174 turns).

inmateoo the Grappler (Ghoul Monk)                 Turns: 12174, Time: 00:21:56

Health: -2/92      AC: 10    Str: 33    XL:     11   Next: 83%
Magic:  17/17      EV: 15    Int: 28    God:    Cheibriados [******]
Gold:   1643       SH:  0    Dex: 26    Spells: 11/20 levels left

rFire   + . .      SeeInvis .     - Unarmed
rCold   + . .      Faith    .   (no shield)
rNeg    + + +      Spirit   .   m - +0 acid dragon scales
rPois   ∞          Reflect  .   (no helmet)
rElec   .          Harm     .   (no cloak)
rCorr   +          Rampage  .   e - +0 pair of gloves
Will    .....                   p - +1 pair of boots {Fly}
Stlth   ++........              (no amulet)
HPRegen 0.00/turn               x - ring of protection from fire
MPRegen 0.15/turn               q - +6 ring of intelligence

@: about to teleport, flying, inhibited regen, very slow
A: claws 1, cold resistance 1, negative energy resistance 3, inhibited
regeneration, torment resistance 2
a: Renounce Religion, Bend Time, Temporal Distortion, Slouch, Step From Time


You were on level 9 of the Dungeon.
You worshipped Cheibriados.
Cheibriados was exalted by your worship.
You visited 2 branches of the dungeon, and saw 10 of its levels.
You also visited: Bailey.

You collected 1643 gold pieces.

Inventory:

Armour
 b - a +0 pair of boots
 e - a +0 pair of gloves (worn)
 i - the +10 plate armour "Teeclot" {Drain rF+ rN++ Int+2}
   (You found it on level 6 of the Dungeon)

   Int:       It affects your intelligence (+2).
   rF:        It protects you from fire.
   rN:        It greatly protects you from negative energy.
   Drain:     It drains your maximum health when unequipped.
 k - a +0 tower shield
 m - +0 acid dragon scales (worn)
 p - a +1 pair of boots of flying (worn)
Jewellery
 f - a ring of protection from cold
 q - a +6 ring of intelligence (right hand)
 x - a ring of protection from fire (left hand)
 A - the ring of Yrreakesm {rC+ rCorr Int+4}
   (You took it off Joseph on level 9 of the Dungeon)

   [ring of protection from cold]

   Int:       It affects your intelligence (+4).
   rC:        It protects you from cold.
   rCorr:     It protects you from acid and corrosion.
Wands
 a - a wand of polymorph (6)
 h - a wand of flame (36)
 y - a wand of paralysis (9)
 B - a wand of digging (3)
Scrolls
 g - 4 scrolls of teleportation
 j - 4 scrolls of enchant weapon
 o - 2 scrolls of magic mapping
 s - a scroll of enchant armour
 t - a scroll of torment
Potions
 c - 2 potions of ambrosia
 l - 2 potions of heal wounds
 n - a potion of cancellation
 r - a potion of degeneration {unknown}
 u - 4 potions of flight
 v - a potion of resistance {unknown}
 w - 3 potions of mutation {unknown}
 z - a potion of curing


   Skills:
 + Level 7.1 Fighting
 + Level 3.2 Armour
 + Level 4.1 Dodging
 - Level 2.1 Stealth
 + Level 10.1 Unarmed Combat
 + Level 5.1 Spellcasting
 + Level 5.0 Summonings
 + Level 5.0 Translocations
 + Level 7.1 Poison Magic
 - Level 8.0 Invocations


You had 11 spell levels left.
You knew the following spells:

 Your Spells              Type           Power      Damage    Failure   Level
a - Olgreb's Toxic Radia  Pois           46%        N/A       4%          4
b - Summon Forest         Summ/Tloc      17%        N/A       26%         5

Your spell library contained the following spells:

 Spells                   Type           Power      Damage    Failure   Level
 Sting                    Tmut/Pois      100%       1d8       1%          1
 Poisonous Vapours        Pois/Air       54%        N/A       2%          2
 Gell's Gravitas          Tloc           35%        N/A       2%          3
 Lesser Beckoning         Tloc           35%        N/A       2%          3
 Teleport Other           Tloc           35%        N/A       2%          3
 Corpse Rot               Necr/Air       14%        N/A       12%         2
 Ensorcelled Hibernation  Hex/Ice        14%        N/A       12%         2
 Passwall                 Tmut/Erth      5%         N/A       12%         2
 Ozocubu's Armour         Ice            7%         N/A       22%         3
 Swiftness                Air            7%         N/A       22%         3
 Summon Mana Viper        Hex/Summ       21%        N/A       58%         5
 Summon Cactus Giant      Summ           17%        N/A       82%         6
 Ozocubu's Refrigeration  Ice            3%         4d5       100%        7


Dungeon Overview and Level Annotations

Branches:
Dungeon (9/15)             Temple (1/1) D:4            Lair (0/6) D:9
 Bailey (visited)
    Orc: D:9-12

Altars:
Ashenzari
Cheibriados
Fedhas
Gozag
Hepliaklqana
Kikubaaqudgha
Makhleb
Nemelex Xobeh
Okawaru
Qazlal
Ru
Trog
Uskayaw
Vehumet
Xom
Yredelemnul
Zin
The Shining One
Beogh

Shops:
D:7 *   D:8 *

Annotations:
D:5 3 runed translucent doors, Flippered's ghost, novice OgHu
D:8 3 runed translucent doors, Camille's ghost, novice DEEE


Innate Abilities, Weirdness & Mutations

You thrive by killing the living.
You are immune to poison.
You have sharp fingernails.
Your flesh is cold resistant. (rC+)
You are immune to negative energy. (rN+++)
You do not regenerate when monsters are visible.
You are immune to unholy pain and torment.


Message History

The stone giant hits you!
As you read the scroll of teleportation, it crumbles to dust.
You feel strangely unstable. The stone giant hits you!
* * * LOW HITPOINT WARNING * * *
The stone giant throws a large rock.
The large rock closely misses you.
The stone giant throws a large rock.
The large rock misses you.
Your surroundings suddenly seem different.
You start resting.
HP restored.
You see here a +0 spear.
You see here a +0 scale mail.
Things that are here:
a +0 giant club; a +0 giant spiked club
Items here: ))))) [[[[.
Items here: ( )) [[[.
Things that are here:
a +0 trident; a +0 plate armour The fire giant shouts!
You punch the fire giant!
The fire giant is lightly wounded.
You hit the fire giant but do no damage.
The fire giant is lightly wounded.
You hit the fire giant.
The fire giant is lightly wounded.
The fire giant hits you with a +0 great sword of flaming!!
The fire giant burns you.
You punch the fire giant!
The fire giant is moderately wounded.
The fire giant casts a spell at you. The bolt of fire hits you!! You resist.
You punch the fire giant!
The fire giant is moderately wounded.
The fire giant hits you with a +0 great sword of flaming!!
* * * LOW HITPOINT WARNING * * *
The fire giant burns you!
* * * LOW HITPOINT WARNING * * *
As you read the scroll of teleportation, it crumbles to dust.
You feel strangely unstable.
The fire giant hits you with a +0 great sword of flaming!
You die...

.#.#..# ##.##.......#.#..#
#.#.#.# #.###.#####.#.#..#
......# #.## #.....)...#.?#
#####################.#####..#
#..#..#...#.#...##........#..#
.#.##.#.#.....#.#.##......#..#
.##..##..##.##..#.#.##....#..#
#..#.###.#.#.#.##..#..###.#..#
##.##.....#.#...@C.#.#)..##..#
..##..##.#.#)#.##.).#.###.#..#
#.#.###..##.##..#.).#.#..##..#
.#..#.#.#.....#.#...#.#.#.#..#
.###..#...#.#...#....#.#..#..#
###########################..#
...........................).####
#######...#######..#.#>..........
#..................#...####


You could see a fire giant.

Vanquished Creatures
  Pikel (D:4)
  An orc knight (Bailey)
  Joseph (D:9)
  A gargoyle (D:9)
  A kobold demonologist (D:9)
  A hornet (D:9)
  A shadow (D:9)
  8 yaks (D:9)
  A vampire (D:9)
  2 wraiths
  2 steam dragons (D:8)
  3 wyverns (D:9)
  2 wargs (D:9)
  2 acid dragons
  An ice beast (D:6)
  5 sky beasts
  13 orc warriors
  A black bear (D:8)
  An ogre (D:5)
  3 necrophages
  6 centaurs
  2 lemures (D:4)
  3 kobold brigands (D:9)
  5 bullfrogs
  2 gnoll sergeants
  4 scorpions
  2 wyvern zombies
  6 wights
  6 howler monkeys
  5 killer bees (D:8)
  A centaur zombie (D:8)
  3 hounds
  6 jellies
  3 orc priests
  2 centaur skeletons
  A gnoll shaman (D:8)
  Jessica (D:2)
  3 iguanas
  16 orc wizards
  A killer bee zombie (D:9)
  2 howler monkey zombies
  11 gnolls
  A howler monkey skeleton (D:5)
  9 adders
  A white imp (D:6)
  An adder skeleton (D:4)
  An adder zombie (D:5)
  A worm (D:3)
  2 dart slugs
  38 orcs
  6 endoplasms
  4 giant cockroaches
  21 goblins
  8 hobgoblins
  3 quokkas
  8 ball pythons
  7 bats
  6 frilled lizards
  24 kobolds
  9 rats
292 creatures vanquished.

Vanquished Creatures (collateral kills)
  2 two-headed ogres (D:9)
  A gnoll sergeant (D:9)
3 creatures vanquished.

Vanquished Creatures (others)
  A kobold brigand (D:8)
  A plant (D:9)
2 creatures vanquished.

Grand Total: 297 creatures vanquished

Notes
Turn   | Place    | Note
-------+----------+-------------------------------------------
     0 | D:1      | inmateoo the Ghoul Monk began the quest for the Orb.
     0 | D:1      | Reached XP level 1. HP: 19/19 MP: 0/0
   322 | D:1      | Reached XP level 2. HP: 26/26 MP: 1/1
   728 | D:1      | Reached XP level 3. HP: 31/31 MP: 2/2
   893 | D:2      | Reached skill level 4 in Unarmed Combat
  1097 | D:2      | Reached skill level 1 in Armour
  1333 | D:2      | Reached XP level 4. HP: 40/40 MP: 3/3
  1751 | D:2      | Noticed Jessica
  1758 | D:2      | Killed Jessica
  2402 | D:3      | Reached XP level 5. HP: 46/46 MP: 4/4
  2615 | D:3      | Found a blossoming altar of Fedhas.
  2699 | D:3      | Found a faded altar of an unknown god.
  3478 | D:3      | Reached skill level 5 in Unarmed Combat
  3655 | D:4      | Noticed a sky beast
  3704 | D:3      | Killed a sky beast
  3705 | D:3      | Reached XP level 6. HP: 27/53 MP: 5/5
  3916 | D:4      | Found a staircase to the Ecumenical Temple.
  3921 | Temple   | Entered the Ecumenical Temple
  3931 | Temple   | Became a worshipper of Cheibriados the Contemplative
  3931 | Temple   | Reached * piety under Cheibriados
  3931 | Temple   | Reached ** piety under Cheibriados
  3948 | Temple   | Learned a level 4 spell: Olgreb's Toxic Radiance
  4151 | D:4      | Noticed Pikel
  4168 | D:4      | Killed Pikel
  4169 | D:4      | Reached skill level 5 in Fighting
  4169 | D:4      | Reached skill level 6 in Unarmed Combat
  4169 | D:4      | Reached skill level 1 in Spellcasting
  4169 | D:4      | Reached skill level 1 in Poison Magic
  4169 | D:4      | Reached XP level 7. HP: 18/61 MP: 5/8
  4423 | D:4      | Found a bloodstained altar of Trog.
  4491 | D:4      | Found a stormy altar of Qazlal.
  4492 | D:4      | Found a broken altar of Ashenzari.
  4523 | D:4      | Found a burning altar of Makhleb.
  4523 | D:4      | Found a basalt altar of Yredelemnul.
  4524 | D:4      | Found a hide-covered altar of Uskayaw.
  4528 | D:4      | Found a radiant altar of Vehumet.
  4685 | D:4      | Reached XP level 8. HP: 54/68 MP: 9/9
  4883 | D:5      | Entered Level 5 of the Dungeon
  5114 | D:5      | Reached skill level 7 in Unarmed Combat
  5284 | D:5      | Found a runed translucent gate.
  5284 | D:5      | Noticed Flippered's ghost (novice OgHu)
  5285 | D:5      | Found a runed translucent gate.
  5286 | D:5      | Found a runed translucent gate.
  5342 | D:5      | Found a sacrificial altar of Ru.
  5558 | D:6      | Reached *** piety under Cheibriados
  5588 | D:5      | Learned a level 5 spell: Summon Forest
  5799 | D:5      | Noticed a wraith
  5881 | D:5      | Reached skill level 8 in Unarmed Combat
  5881 | D:5      | Reached skill level 1 in Summonings
  5881 | D:5      | Reached skill level 1 in Translocations
  5986 | D:5      | Killed a wraith
  5987 | D:5      | Reached XP level 9. HP: 35/75 MP: 12/12
  6434 | D:6      | Found a sparkling altar of Nemelex Xobeh.
  6761 | D:6      | Identified the +10 plate armour "Teeclot" {Drain rF+ rN++
                  | Int+2}
  6995 | D:6      | Reached **** piety under Cheibriados
  6996 | D:6      | Reached skill level 1 in Invocations
  7366 | D:7      | Reached skill level 9 in Unarmed Combat
  7516 | D:7      | Reached skill level 5 in Poison Magic
  7582 | D:7      | Reached XP level 10. HP: 68/84 MP: 14/14
  7615 | D:7      | Found a hazy altar of Hepliaklqana.
  7780 | D:7      | Found Debanaqefe's Gadget Gallery.
  8014 | D:8      | Reached ***** piety under Cheibriados
  8022 | D:8      | Found a flagged portal.
  8044 | Bailey   | Entered a bailey
  8051 | Bailey   | Noticed an orc knight
  8609 | Bailey   | Killed an orc knight
  8913 | D:8      | Found Usaew's Overcharged Wands.
  9213 | D:8      | Found a runed translucent gate.
  9213 | D:8      | Found a runed translucent gate.
  9214 | D:8      | Found a runed translucent gate.
  9216 | D:8      | Noticed Camille's ghost (novice DEEE)
  9474 | D:8      | Identified the +9 war axe "Lopywk" {drain, rF+ Dex+4}
  9619 | D:8      | Found a shimmering altar of Xom.
  9622 | D:8      | Reached skill level 10 in Unarmed Combat
  9651 | D:8      | Found an iron altar of Okawaru.
  9844 | D:8      | Reached ****** piety under Cheibriados
 10405 | D:9      | Noticed a kobold demonologist
 10406 | D:9      | Noticed a two-headed ogre
 10411 | D:9      | Reached XP level 11. HP: 78/92 MP: 7/16
 10413 | D:9      | Noticed a two-headed ogre
 10447 | D:9      | Reached skill level 5 in Invocations
 10450 | D:9      | Killed a two-headed ogre
 10451 | D:9      | Reached skill level 5 in Spellcasting
 10452 | D:9      | Killed a two-headed ogre
 10453 | D:9      | Reached skill level 5 in Summonings
 10453 | D:9      | Reached skill level 5 in Translocations
 10930 | D:9      | Identified the ring of Yrreakesm {rC+ rCorr Int+4}
 10930 | D:9      | Noticed Joseph
 10941 | D:9      | Killed Joseph
 10988 | D:9      | Noticed a stone giant
 11173 | D:9      | Found a staircase to the Lair.
 11740 | D:9      | Noticed a fire giant
 12174 | D:9      | Slain by a fire giant

Illustrated notes

Levels and vault maps discovered:
D:1:      wheals_arrival_shading, layout_basic
D:2:      layout_basic, uniq_jessica
D:3:      minmay_octagon_keep, layout_loops_corners,
          mainiacjoe_overflow_tiny_flanked, chequers_ecumenical_altar_simple,
          st_stairs_6, kennysheep_another_room
D:4:      layout_rooms, mainiacjoe_overflow_24_doors, minitemple,
          temple_statues, uniq_pikel
D:5:      layout_loops_ring, mainiacjoe_overflow_small_starburst,
          biasface_ghost_orc_armoury, ebering_dispersal_statue_hall,
          minmay_misc_feat_roman, minmay_increasing_density
D:6:      layout_gridville, lemuel_round_altar
D:7:      layout_loops_ring, mainiacjoe_overflow_alcove_1, nicolae_shop_gadgets
D:8:      layout_loops_ring, mainiacjoe_overflow_paths, xom_confusion_cloud,
          enter_bailey_3, gammafunk_ghost_necromancy,
          chequers_serial_rivers_room_a, hex_medium,
          nicolae_shop_overcharged_wands
D:9:      minmay_the_grid_4x2 [minmay_the_grid_expand, minmay_the_grid_odd_star,
          minmay_the_grid_all_tris, minmay_the_grid_holed_spiral,
          minmay_the_grid_gridbox, minmay_the_grid_small_cups,
          minmay_the_grid_spikes, minmay_the_grid_prize_diamond_cup],
          layout_basic, erik_lair_orcish_takeover, minmay_starry_boxes,
          uniq_joseph
Temple:   dpeg_three_leaves_temple

Skill      XL: |  1  2  3  4  5  6  7  8  9 10 11 |
---------------+----------------------------------+-----
Dodging        | 3 4 |  4.1
Unarmed Combat | 4 5 6 8 9 10 | 10.1
Armour         | 1 2 3 |  3.2
Fighting       | 4 5 6 7 |  7.1
Spellcasting   | 1 2 3 4 5 |  5.1
Poison Magic   | 1 2 3 5 6 7 |  7.1
Summonings     | 1 2 3 5 |  5.0
Translocations | 1 2 4 5 |  5.0
Invocations    | 2 4 8 |  8.0
Stealth        | |  2.1

Action                   |  1- 3 |  4- 6 |  7- 9 | 10-12 || total
-------------------------+-------+-------+-------+-------++-------
Melee: Unarmed           |   101 |   273 |   323 |   332 ||  1029
       Punch             |     4 |     5 |    12 |    27 ||    48
Throw: Throwing net      |       |       |       |     3 ||     3
 Cast: Olgreb's Toxic Ra |       |       |       |    29 ||    29
Evoke: Wand              |       |       |     6 |     4 ||    10
  Use: Scroll            |       |     7 |     9 |     8 ||    24
       Potion            |       |     1 |       |     2 ||     3
 Stab: Sleeping          |     3 |     2 |     6 |     1 ||    12
       Distracted        |       |       |     1 |     2 ||     3
       Confused          |       |       |       |     1 ||     1
       Held in net/web   |       |       |       |     1 ||     1
Armor: Robe              |    10 |       |       |       ||    10
       Leather armour    |    18 |    68 |       |       ||    86
       Chain mail        |       |    13 |       |       ||    13
       Scale mail        |       |     2 |    40 |       ||    42
       Acid dragon scale |       |       |    60 |    83 ||   143
Dodge: Dodged            |    60 |   148 |   176 |   232 ||   616
